[Event "Early-Titled-Tuesday-Blitz-March-12-2024"]
[Site "Chess.com"]
[Date "2024.03.12"]
[Round "6"]
[White "Dyadya81"]
[Black "Hanging_pointer"]
[Result "1-0"]
[WhiteElo "2921"]
[BlackElo "2705"]
[TimeControl "180+1"]
[EndTime "9:00:36 PDT"]
[Termination "Dyadya81 won by resignation"]

1. e4 c6 2. d3 d5 3. Nf3 Bg4 4. h3 Bxf3 5. Qxf3 e6 6. g3 Nf6 7. Nd2 Be7 8. Bg2 O-O 9. Qe2 dxe4 10. dxe4 Nbd7 11. O-O Qc7 12. c3 a5 13. Nc4 Nb6 14. Bf4 Qd8 15. Rad1 1-0

[Event "Early-Titled-Tuesday-Blitz-March-12-2024"]
[Site "Chess.com"]
[Date "2024.03.12"]
[Round "6"]
[White "Zhigalko_Sergei"]
[Black "Yeritsyaan"]
[Result "1-0"]
[WhiteElo "2846"]
[BlackElo "2646"]
[TimeControl "180+1"]
[EndTime "9:00:52 PDT"]
[Termination "Zhigalko_Sergei won by resignation"]

1. e4 c6 2. d4 d5 3. e5 Bf5 4.
Nf3 e6 5. Be2 h6 6. O-O Nd7 7.
Nbd2 Ne7 8. a4 a5 9. Nb3 g5 10. Ne1 Qc7 11. f4 gxf4 12. Bxf4 Ng6 13. Bg3 c5 14.
Rxf5 exf5 15. e6 f4 16. exd7+ Qxd7 17. Bb5 1-0

[Event "Early-Titled-Tuesday-Blitz-March-12-2024"]
[Site "Chess.com"]
[Date "2024.03.12"]
[Round "6"]
[White "Abund"]
[Black "Aisen1011"]
[Result "1-0"]
[WhiteElo "2789"]
[BlackElo "2476"]
[TimeControl "180+1"]
[EndTime "9:01:07 PDT"]
[Termination "Abund won by resignation"]

1. e4 e5 2. Nc3 Nc6 3. g3 g6 4. Bg2 Bg7 5. d3 Nge7 6. Nge2 O-O 7. O-O d6 8. Be3 f5 9. Qd2 Be6 10. Nd5 Qd7 11. c4 Nd4 12. Nxd4 exd4 13. Bg5 Nxd5 14. exd5 Bf7 15. Rae1 Rfe8 16. h4 Re5 17. Bf4 Rxd5 18. cxd5 1-0

[Event "Early-Titled-Tuesday-Blitz-March-12-2024"]
[Site "Chess.com"]
[Date "2024.03.12"]
[Round "6"]
[White "HajiyevKanan"]
[Black "amylazy"]
[Result "1-0"]
[WhiteElo "2577"]
[BlackElo "2416"]
[TimeControl "180+1"]
[EndTime "9:01:24 PDT"]
[Termination "HajiyevKanan won by resignation"]

1. d4 Nf6 2. Nf3 g6 3. c4 Bg7 4. Nc3 d5 5. cxd5 Nxd5 6. e4 Nxc3 7. bxc3 c5 8. Bc4 Nc6 9. O-O cxd4 10. cxd4 O-O 11.
Be3 Bg4 12. e5 Bxf3 13. Qxf3 Nxd4 14. Qe4 Nc6 15. e6 f5 16. Qh4 Ne5 17. Rad1 Qc7 18.
Bb3 Rad8 19. Rc1 Qd6 20. Rfd1 Qd7 21. exd7+ 1-0

[Event "Early-Titled-Tuesday-Blitz-March-12-2024"]
[Site "Chess.com"]
[Date "2024.03.12"]
[Round "6"]
[White "ValentunHulka"]
[Black "PolandHussars"]
[Result "1-0"]
[WhiteElo "2722"]
[BlackElo "2539"]
[TimeControl "180+1"]
[EndTime "9:01:29 PDT"]
[Termination "ValentunHulka won by resignation"]

1. Nc3 Nf6 2. e4 e5 3. Nf3 Nc6 4. Bb5 Bd6 5. O-O O-O 6. d3 h6 7. Bxc6 dxc6 8. Be3 c5 9. h3 Be6 10. Nd2 Qe7 11. Kh1 Rad8 12. Qe2 Nd7 13. f4 f6 14. f5 Bf7 15. g4 Nb6 16. b3 a5 17. a4 Nc8 18. h4 Na7 19. Qg2 Qd7 20. g5 hxg5 21. hxg5 fxg5 22. Nf3 Bh5 23. Nxg5 Rf6 24. Ne6 Rxe6 25. fxe6 Qxe6 26. Rf5 Bf7 27. Raf1 Rd7 28. Nd5 Nc6 29. Nf6+ Kf8 30. Nxd7+ 1-0

[Event "Early-Titled-Tuesday-Blitz-March-12-2024"]
[Site "Chess.com"]
[Date "2024.03.12"]
[Round "6"]
[White "pirulillo"]
[Black "Ginzburg_Yakov"]
[Result "0-1"]
[WhiteElo "2284"]
[BlackElo "2550"]
[TimeControl "180+1"]
[EndTime "9:01:33 PDT"]
[Termination "Ginzburg_Yakov won by resignation"]

1. e4 c5 2. Nf3 e6 3. d3 d6 4. g3 Nf6 5. Bg2 Nc6 6. O-O Be7 7. Re1 O-O 8. c3 e5 9. d4 cxd4 10.
cxd4 Bg4 11. d5 Nd4 12. Nc3 Nd7 13. Be3 Rc8 14. Bxd4 exd4 15. Qxd4 Bxf3 16. Bxf3 Bf6 17. Qxa7 Ra8 18. Qxb7 Rb8 19. Qa6 Rxb2 20. Qxd6 Bxc3 21.
Rec1 Rb6 22. Qf4 Bxa1 23. Rxa1 Qf6 24. e5 Qxe5 0-1

[Event "Early-Titled-Tuesday-Blitz-March-12-2024"]
[Site "Chess.com"]
[Date "2024.03.12"]
[Round "6"]
[White "Sychev_on_YouTube"]
[Black "Matibar"]
[Result "1-0"]
[WhiteElo "2921"]
[BlackElo "2759"]
[TimeControl "180+1"]
[EndTime "9:02:34 PDT"]
[Termination "Sychev_on_YouTube won by resignation"]

1. e4 c5 2. Nf3 a6 3. c3 e6 4.
d4 d5 5. e5 Bd7 6. Bd3 Bb5 7. Bc2 a5 8. a4 Ba6 9. Na3 Nc6 10. Nb5 cxd4 11. cxd4 Bb4+ 12. Bd2 Bxd2+ 13. Qxd2 Bxb5 14. axb5 Nb4 15. Bb1 Ne7 16. O-O O-O 17.
Ra3 Qd7 18. Ng5 h6 19. Nh7 Ng6 20. Bxg6 fxg6 21. Nxf8 Kxf8 22. Rxa5 1-0

[Event "Early-Titled-Tuesday-Blitz-March-12-2024"]
[Site "Chess.com"]
[Date "2024.03.12"]
[Round "6"]
[White "rikchessmx"]
[Black "Flaccidmoves"]
[Result "1-0"]
[WhiteElo "2317"]
[BlackElo "2424"]
[TimeControl "180+1"]
[EndTime "9:02:39 PDT"]
[Termination "rikchessmx won by resignation"]

1. e4 Nf6 2. e5 Nd5 3. Nc3 e6 4. Nxd5 exd5 5. d4 d6 6. f4 dxe5 7. fxe5 Bf5 8. Nf3 c5 9. c3 Nc6 10. a3 c4 11. Be2 Be7 12. O-O O-O 13. Ng5 Bg6 14. Nf3 Na5 15. Nd2 b5 16. Bh5 Qd7 17.
Bxg6 fxg6 18. Nf3 Nb3 19. Rb1 Qf5 20. Be3 a5 21. Qe2 b4 22. Ng5 Qxg5 23. Bxg5 Bxg5 24.
axb4 axb4 25. Rxf8+ Rxf8 26. Rf1 Rxf1+ 27. Qxf1 bxc3 28.
bxc3 Be3+ 29. Kh1 Bg5 30. Qf3 1-0

[Event "Early-Titled-Tuesday-Blitz-March-12-2024"]
[Site "Chess.com"]
[Date "2024.03.12"]
[Round "6"]
[White "ulises2013"]
[Black "AttilaTurzo"]
[Result "1-0"]
[WhiteElo "2711"]
[BlackElo "2471"]
[TimeControl "180+1"]
[EndTime "9:02:55 PDT"]
[Termination "ulises2013 won by resignation"]

1. e4 c5 2. g3 d6 3. Bg2 g6 4. Ne2 Bg7 5. O-O Nc6 6. c3 e5 7. d3 Nge7 8. Be3 O-O 9. d4 exd4 10. cxd4 Qb6 11. dxc5 dxc5 12. Nbc3 Rd8 13. Nd5 Nxd5 14.
exd5 Nd4 15. Nxd4 cxd4 16. Bg5 Re8 17. Qb3 h6 18. Bf4 Bf5 19. Qxb6 axb6 20. Bc7 d3 21. d6 Bxb2 22. Rab1 Rxa2 23. Bd5 Ra5 24. Bxb7 Ra1 25. Rxb2 Rxf1+ 26. Kxf1 Bh3+ 27. Bg2 Bxg2+ 28. Kxg2 Re2 29. d7 Rxb2 30. d8=Q+ 1-0

[Event "Early-Titled-Tuesday-Blitz-March-12-2024"]
[Site "Chess.com"]
[Date "2024.03.12"]
[Round "6"]
[White "bolwin"]
[Black "toninhojit"]
[Result "0-1"]
[WhiteElo "2255"]
[BlackElo "2538"]
[TimeControl "180+1"]
[EndTime "9:02:56 PDT"]
[Termination "toninhojit won by resignation"]

1. Nf3 c5 2. c4 Nc6 3. e3 e5 4.
Nc3 f5 5. d3 Nf6 6. g3 g6 7.
Bg2 Bg7 8. O-O O-O 9. a3 d6 10.
Rb1 h6 11. b4 Rb8 12. b5 Ne7 13. d4 cxd4 14. exd4 e4 15. Ne1 d5 16. Bf4 Ra8 17.
c5 g5 18. Bd6 Be6 19. Nc2 Ne8 20. Bxe7 Qxe7 21. Ne3 Rd8 22. c6 f4 23. Nc2 f3 24.
Bh1 Qf7 25. Nb4 Qh5 26. cxb7 Nf6 27. Nc6 Ng4 28. h4 gxh4 29. Ne7+ Kh7 0-1

[Event "Early-Titled-Tuesday-Blitz-March-12-2024"]
[Site "Chess.com"]
[Date "2024.03.12"]
[Round "6"]
[White "Jimonios"]
[Black "Anton_Demchenko"]
[Result "0-1"]
[WhiteElo "2678"]
[BlackElo "3004"]
[TimeControl "180+1"]
[EndTime "9:03:02 PDT"]
[Termination "Anton_Demchenko won by resignation"]

1. e4 e5 2. Nf3 Nc6 3. Bb5 a6 4. Ba4 Nge7 5. Nc3 d6 6. d4 b5 7.
Bb3 Nxd4 8. Nxd4 exd4 9. Nd5 c5 10. c4 Nxd5 11. exd5 Qe7+ 12. Kd2 Qg5+ 13. Ke2 Qxg2 14. Qg1 Bg4+ 15. Kd2 Qxg1 16. Rxg1 Bf5 17. cxb5 axb5 18. Kd1 Be7 19. Rxg7 Bg6 20. Bf4 c4 21. Bc2 d3 0-1

[Event "Early-Titled-Tuesday-Blitz-March-12-2024"]
[Site "Chess.com"]
[Date "2024.03.12"]
[Round "6"]
[White "margarita_2703"]
[Black "MikeSailer"]
[Result "0-1"]
[WhiteElo "2384"]
[BlackElo "2140"]
[TimeControl "180+1"]
[EndTime "9:03:22 PDT"]
[Termination "MikeSailer won by resignation"]

1. g4 c5 2. Bg2 Nc6 3. c4 d6 4. h3 g6 5. Nc3 Bg7 6. Nf3 Bd7 7.
b3 e6 8. Bb2 Nge7 9. Na4 e5 10. d3 a6 11. e4 b5 12. Nc3 b4 13.
Nd5 Nxd5 14. exd5 Nd4 15. Bxd4 cxd4 16. Nd2 Bh6 17. Ne4 Qe7 18. a3 bxa3 19. Rxa3 O-O 20. Qa1 f5 21. Ng3 Bf4 22. gxf5 Bxg3 23. fxg3 Bxf5 24.
b4 Qg5 25. g4 Qe3+ 26. Kd1 Bxd3 27. Re1 Qg3 28. Bf1 Qxe1+ 29. Kxe1 Rxf1+ 30. Kd2 Rxa1 31. Rxa1 Bxc4 32. Ra5 Bb5 33. Ra1 Rc8 34. g5 0-1

[Event "Early-Titled-Tuesday-Blitz-March-12-2024"]
[Site "Chess.com"]
[Date "2024.03.12"]
[Round "6"]
[White "FischerKasparow"]
[Black "Chessdude1987"]
[Result "0-1"]
[WhiteElo "2094"]
[BlackElo "2397"]
[TimeControl "180+1"]
[EndTime "9:03:23 PDT"]
[Termination "Chessdude1987 won on time"]

1. e4 e6 2. d4 d5 3. Bd3 c5 4. exd5 exd5 5. Nf3 Nf6 6. O-O Be7 7. dxc5 O-O 8. b4 a5 9. c3 axb4 10. cxb4 Nc6 11.
Qb3 Ne4 12. Bb2 Bg4 13. Nbd2 Nxd2 14. Nxd2 Bf6 15. Bxf6 Qxf6 16. a3 Nd4 0-1

[Event "Early-Titled-Tuesday-Blitz-March-12-2024"]
[Site "Chess.com"]
[Date "2024.03.12"]
[Round "6"]
[White "Akhayan"]
[Black "KhazhatulyAlikhan"]
[Result "0-1"]
[WhiteElo "2321"]
[BlackElo "2453"]
[TimeControl "180+1"]
[EndTime "9:03:34 PDT"]
[Termination "KhazhatulyAlikhan won by resignation"]

1. e4 c5 2. Nf3 e6 3. d4 cxd4 4. Nxd4 a6 5. Nb3 Nf6 6. e5 Nd5 7. c4 Nc7 8. Bd3 d6 9. exd6 Bxd6 10. O-O Nc6 11. Nc3 h6 12. Ne4 Be7 13. Qe2 b6 14.
Be3 Bb7 15. Rfd1 Qb8 16. Rac1 b5 17. Bb1 bxc4 18. Rxc4 Nd5 19. Bc5 O-O 20. Qc2 f5 21. Ng3 Ne5 22. Ra4 Rc8 23. Qe2 Bxc5 24. Nxc5 Rxc5 25.
Qxe5 Qxe5 0-1

[Event "Early-Titled-Tuesday-Blitz-March-12-2024"]
[Site "Chess.com"]
[Date "2024.03.12"]
[Round "6"]
[White "ActorXu"]
[Black "AsaHoffmann"]
[Result "1-0"]
[WhiteElo "2871"]
[BlackElo "2392"]
[TimeControl "180+1"]
[EndTime "9:03:42 PDT"]
[Termination "ActorXu won by resignation"]

1. e4 d6 2. d4 c6 3. Nc3 a6 4. f4 d5 5. e5 h5 6. Nf3 Bg4 7. Be3 e6 8. h3 Bxf3 9. Qxf3 g6 10. Bd3 h4 11. O-O Qc7 12. Ne2 Nh6 13. b3 Nf5 14.
Bf2 Nd7 15. c4 Be7 16. Rac1 Qa5 17. Rc2 O-O-O 18. cxd5 Qxd5 19. Be4 Qa5 20. d5 exd5 21. Bxd5 Nb8 22. Bxf7 Rd2 23. Rxd2 Qxd2 24. Bxg6 Ng3 25. Nxg3 hxg3 26. Qxg3 Nd7 27. Bf5 Bh4 28. Qd3 Bxf2+ 29.
Rxf2 Qxd3 30. Bxd3 Nc5 31. Bf5+ Kd8 32. Rc2 Rf8 33.
Rxc5 Rxf5 34. g3 1-0

[Event "Early-Titled-Tuesday-Blitz-March-12-2024"]
[Site "Chess.com"]
[Date "2024.03.12"]
[Round "6"]
[White "dropstoneDP"]
[Black "vasblesk"]
[Result "1/2-1/2"]
[WhiteElo "2998"]
[BlackElo "2756"]
[TimeControl "180+1"]
[EndTime "9:03:48 PDT"]
[Termination "Game drawn by repetition"]

1. e4 e5 2. Nf3 Nf6 3. Nxe5 d6 4. Nf3 Nxe4 5. Bd3 Nf6 6. O-O Be7 7. Re1 O-O 8. Bf1 d5 9. d4 Bd6 10. h3 h6 11. c4 dxc4 12. Bxc4 c6 13. Nc3 Bf5 14. Ne5 Nbd7 15. Bf4 Nb6 16. Bb3 Nbd5 17. Nxd5 Nxd5 18. Bxd5 cxd5 19. Qd2 Qb6 20. Nd3 Bxd3 21. Bxd6 Qxd6 22. Qxd3 Qb4 23. b3 Rfe8 24. Re5 Rxe5 25.
dxe5 d4 26. Rd1 Rd8 27. g3 Qc5 28. Qe4 d3 29. Rxd3 Rxd3 30. Qxd3 Qxe5 31. Kg2 g6 32. h4 h5 33. a4 Kg7 34. Kf3 Qf6+ 35. Ke2 Qb2+ 36. Kf3 Qf6+ 37. Ke2 Qb2+ 38. Ke3 Qe5+ 39. Kf3 Qf6+ 1/2-1/2

[Event "Early-Titled-Tuesday-Blitz-March-12-2024"]
[Site "Chess.com"]
[Date "2024.03.12"]
[Round "6"]
[White "mitrabhaa"]
[Black "kushagramohan"]
[Result "1-0"]
[WhiteElo "2945"]
[BlackElo "2772"]
[TimeControl "180+1"]
[EndTime "9:03:52 PDT"]
[Termination "mitrabhaa won by resignation"]

1. Nf3 d5 2. e3 c5 3. c4 d4 4. exd4 cxd4 5. d3 Nc6 6. g3 e5 7. Bg2 Bd6 8. O-O Nf6 9. Bg5 O-O 10. Nbd2 Bf5 11. Qe2 Re8 12. Ne1 h6 13. Bxf6 Qxf6 14. Nc2 a5 15. a3 a4 16. Rab1 Bg6 17. b4 axb3 18. Rxb3 Qe7 19. Rfb1 Na5 20. Rb5 Ra7 21. Nb4 Bxb4 22. axb4 Nc6 23. Ne4 Qc7 24. c5 Ra3 25. Nd6 Rb8 26. Be4 Bxe4 27. Qxe4 Rc3 28. Ra1 Rc2 29. h4 Qe7 30. Nxb7 Rxb7 31. Ra8+ Nd8 32.
Rxb7 Qf6 33. Rxd8+ Qxd8 34. Ra7 1-0

[Event "Early-Titled-Tuesday-Blitz-March-12-2024"]
[Site "Chess.com"]
[Date "2024.03.12"]
[Round "6"]
[White "emeli_chess"]
[Black "willcab71"]
[Result "1-0"]
[WhiteElo "2400"]
[BlackElo "2138"]
[TimeControl "180+1"]
[EndTime "9:03:54 PDT"]
[Termination "emeli_chess won by resignation"]

1. d4 Nf6 2. c4 g6 3. Nc3 Bg7 4.
e4 O-O 5. Be3 d6 6. f3 c6 7. Bd3 a6 8. Nge2 b5 9. O-O Nbd7 10. a3 e5 11. d5 cxd5 12. cxd5 Bb7 13. b4 Rc8 14. a4 bxa4 15. Nxa4 Ne8 16. Rc1 Rxc1 17. Qxc1 Nc7 18. Nec3 f5 19. exf5 gxf5 20. Bh6 Nxd5 21. Bc4 Nb6 22. Nxd5 Nxa4 23. Ne7+ Kh8 24. Bxg7+ Kxg7 25. Qg5+ Kh8 26. Ng6+ Kg7 27. Nxf8+ Qxg5 28. Ne6+ Kf6 29. Nxg5 Kxg5 30. Ra1 1-0

[Event "Early-Titled-Tuesday-Blitz-March-12-2024"]
[Site "Chess.com"]
[Date "2024.03.12"]
[Round "6"]
[White "eightbyeightchess"]
[Black "Ze-Pequeno"]
[Result "1-0"]
[WhiteElo "2404"]
[BlackElo "2193"]
[TimeControl "180+1"]
[EndTime "9:03:56 PDT"]
[Termination "eightbyeightchess won by resignation"]

1. e4 c5 2. Nf3 d6 3. d4 cxd4 4.
Qxd4 a6 5. c4 Nc6 6. Qe3 g6 7. h3 Nf6 8. Be2 Bg7 9. O-O O-O 10.
Rd1 Bd7 11. Nc3 Qb8 12. Qg5 Rc8 13. Qh4 Na5 14. Bh6 Nxc4 15. Ng5 Bh8 16. Nd5 Nxd5 17.
exd5 Nxb2 18. Rd4 b5 19. Rf4 Be8 20. Bg7 h5 21. Bxh8 Kxh8 22. Bxh5 1-0

[Event "Early-Titled-Tuesday-Blitz-March-12-2024"]
[Site "Chess.com"]
[Date "2024.03.12"]
[Round "6"]
[White "Korchmar_Vasiliy"]
[Black "Lady_Nika"]
[Result "1-0"]
[WhiteElo "2725"]
[BlackElo "2542"]
[TimeControl "180+1"]
[EndTime "9:04:01 PDT"]
[Termination "Korchmar_Vasiliy won by resignation"]

1. e4 e6 2. d4 d5 3. e5 c5 4. c3 Qb6 5. Nf3 Nc6 6. Be2 Bd7 7. O-O f6 8. Re1 cxd4 9. cxd4 Bb4 10. Nc3 Nge7 11.
exf6 gxf6 12. Bf4 Ng6 13. Bg3 Be7 14. Nb5 e5 15. dxe5 Ncxe5 16. Nxe5 fxe5 17. Qxd5 Bc6 18. Qb3 Rf8 19. a4 Bc5 20. Qe6+ Be7 21. Rad1 Rf6 22.
Qg8+ Bf8 23. Bh5 e4 24. Nc7+ Ke7 25. Qxh7+ Rf7 26. Qxg6 1-0

[Event "Early-Titled-Tuesday-Blitz-March-12-2024"]
[Site "Chess.com"]
[Date "2024.03.12"]
[Round "6"]
[White "santosalberto1987"]
[Black "Veleamater"]
[Result "1-0"]
[WhiteElo "2579"]
[BlackElo "2314"]
[TimeControl "180+1"]
[EndTime "9:04:16 PDT"]
[Termination "santosalberto1987 won by resignation"]

1. e4 d6 2. d4 g6 3. Nc3 Bg7 4. Be3 Nf6 5. Qd2 Nc6 6. Nge2 a6 7. Bh6 O-O 8. h4 e5 9. d5 Nd4 10. Bxg7 Kxg7 11. Nxd4 exd4 12. Qxd4 Re8 13. O-O-O h5 14. f3 b5 15. Bd3 Bd7 16. Rde1 Rb8 17. e5 dxe5 18.
Rxe5 Kh7 19. g4 Rxe5 20. Qxe5 hxg4 21. h5 Kg7 22. hxg6 fxg6 23. Ne4 Qf8 24. Nxf6 Qxf6 25.
Rh7+ Kxh7 26. Qxf6 Rg8 27. fxg4 Bxg4 28. Qh4+ 1-0

[Event "Early-Titled-Tuesday-Blitz-March-12-2024"]
[Site "Chess.com"]
[Date "2024.03.12"]
[Round "6"]
[White "nekotyanof"]
[Black "Hovik_Hayrapetyan"]
[Result "0-1"]
[WhiteElo "2646"]
[BlackElo "2838"]
[TimeControl "180+1"]
[EndTime "9:04:17 PDT"]
[Termination "Hovik_Hayrapetyan won by resignation"]

1. e4 c5 2. Nf3 d6 3. Bb5+ Nd7 4. d4 cxd4 5. Qxd4 a6 6. Be2 Ngf6 7. O-O g6 8. a4 Bg7 9. a5 O-O 10. Nc3 Qc7 11. h3 Nc5 12. Qe3 Be6 13. Ra3 Rac8 14. b4 Ncd7 15. Bb2 Bc4 16. Rc1 Bxe2 17. Nxe2 Qc4 18.
Qd4 Qxd4 19. Nfxd4 Nxe4 20. Re3 f5 21. c4 Bh6 22. f4 e5 23. Ne6 Rfe8 24. Ng5 0-1

[Event "Early-Titled-Tuesday-Blitz-March-12-2024"]
[Site "Chess.com"]
[Date "2024.03.12"]
[Round "6"]
[White "Mysterio47"]
[Black "DonkyDonkyDonkey"]
[Result "0-1"]
[WhiteElo "2749"]
[BlackElo "2894"]
[TimeControl "180+1"]
[EndTime "9:04:18 PDT"]
[Termination "DonkyDonkyDonkey won by resignation"]

1. d4 Nf6 2. Nc3 d5 3. Bf4 g6 4. e3 a6 5. h4 h5 6. Nf3 Bg7 7. Ne5 O-O 8. f3 c5 9. Qd2 Nc6 10.
O-O-O cxd4 11. exd4 Bf5 12. Bh6 Rc8 13. Bxg7 Kxg7 14. Qf4 Qc7 15. Be2 b5 16. g4 hxg4 17.
fxg4 Be4 18. Rhf1 b4 19. Nxe4 Nxd4 20. Rd2 Nxe4 21. Bd3 Ne6 22. Qh2 Nxd2 23. Kxd2 f6 24. h5 Qxe5 0-1

[Event "Early-Titled-Tuesday-Blitz-March-12-2024"]
[Site "Chess.com"]
[Date "2024.03.12"]
[Round "6"]
[White "IndianSchoolOfSuffering"]
[Black "only_strong_moves"]
[Result "0-1"]
[WhiteElo "2395"]
[BlackElo "2531"]
[TimeControl "180+1"]
[EndTime "9:04:18 PDT"]
[Termination "only_strong_moves won by resignation"]

1. e4 a5 2. d4 b6 3. Bd3 Ba6 4.
c4 e6 5. Nc3 Bb4 6. Ne2 d5 7.
cxd5 exd5 8. e5 Ne7 9. O-O O-O 10. a3 Bxc3 11. bxc3 Bxd3 12. Qxd3 c5 13. f4 f6 14. a4 Nbc6 15. Ba3 fxe5 16. fxe5 Qd7 17. Nf4 c4 18. Qg3 Rf5 19. Ne2 Raf8 20. Rxf5 Nxf5 21. Qg4 Rf7 22. Rf1 Nfxd4 23. e6 Qxe6 24. Qxe6 Nxe6 25. Rd1 Rd7 26. Kf2 d4 27. cxd4 Ncxd4 28. Rb1 Nxe2 29. Kxe2 Nd4+ 30. Kf2 Nb3 31. Re1 Kf7 32. Re4 Rc7 33. Rf4+ Ke6 0-1

[Event "Early-Titled-Tuesday-Blitz-March-12-2024"]
[Site "Chess.com"]
[Date "2024.03.12"]
[Round "6"]
[White "zozik"]
[Black "Louis-Paulsen-Fan"]
[Result "0-1"]
[WhiteElo "2344"]
[BlackElo "2260"]
[TimeControl "180+1"]
[EndTime "9:04:18 PDT"]
[Termination "Louis-Paulsen-Fan won on time"]

1. d4 d5 2. c4 e6 3. Nf3 c5 4. g3 Nc6 5. Bg2 dxc4 6. Qa4 Bd7 7.
Qxc4 cxd4 8. Nxd4 Rc8 9. O-O Nf6 10. Bg5 Be7 11. Nc3 O-O 12. Rfd1 Qb6 13. Nxc6 Bxc6 14.
Bxc6 Rxc6 15. Qb3 Qa5 16. Rac1 Qxg5 17. Qxb7 Qc5 18. b4 Rc7 19. bxc5 Rxb7 20. c6 Rb6 21.
c7 Rc8 22. Na4 Rb7 0-1

[Event "Early-Titled-Tuesday-Blitz-March-12-2024"]
[Site "Chess.com"]
[Date "2024.03.12"]
[Round "6"]
[White "ViktoriyaTarasova"]
[Black "ccccvhhhj"]
[Result "0-1"]
[WhiteElo "2309"]
[BlackElo "2449"]
[TimeControl "180+1"]
[EndTime "9:04:23 PDT"]
[Termination "ccccvhhhj won on time"]

1. d4 e5 2. dxe5 d6 3. exd6 Bxd6 4. Nf3 Bg4 5. e3 Nc6 6. Be2 Qe7 7. c3 O-O-O 8. Qa4 Nf6 9. O-O h5 10. Na3 Bxf3 11.
Bxf3 Bxh2+ 12. Kxh2 Ng4+ 13. Kg3 g5 14. Bxg4+ hxg4 15. Qxg4+ Kb8 16. f3 Ne5 17. Qe4 g4 18. Kf2 f5 19. Qa4 gxf3 20. Nb5 a6 21. Nd4 fxg2 22.
Rg1 Ng4+ 23. Ke2 Qe4 24. Bd2 Rh3 25. Qc2 Rxd4 0-1

[Event "Early-Titled-Tuesday-Blitz-March-12-2024"]
[Site "Chess.com"]
[Date "2024.03.12"]
[Round "6"]
[White "viktorskliarov"]
[Black "BogdanDeac"]
[Result "0-1"]
[WhiteElo "2590"]
[BlackElo "3042"]
[TimeControl "180+1"]
[EndTime "9:04:27 PDT"]
[Termination "BogdanDeac won by resignation"]

1. e4 c6 2. d4 d5 3. e5 Bf5 4. Nf3 e6 5. Be2 c5 6. Be3 cxd4 7.
Nxd4 Ne7 8. O-O Nbc6 9. c4 Nxd4 10. Qxd4 Nc6 11. Qf4 d4 12. Rd1 Bc5 13. Bf3 Qb6 14. Bxc6+ bxc6 15. Bc1 O-O 16. Nd2 Bc2 17. Re1 a5 18.
Ne4 Bxe4 19. Qxe4 d3 20. Be3 Rfd8 21. b3 a4 22. Bxc5 Qxc5 23. Rad1 axb3 24. axb3 Qb4 25. Qxc6 Qxb3 26. h4 h6 27. Rd2 Qc3 28. Red1 Ra1 29. Qf3 Rxd1+ 30. Qxd1 Qxc4 31. g3 Qc3 32. Kg2 Qxe5 0-1

[Event "Early-Titled-Tuesday-Blitz-March-12-2024"]
[Site "Chess.com"]
[Date "2024.03.12"]
[Round "6"]
[White "Alex_Banzea"]
[Black "Kirill_Klukin"]
[Result "1-0"]
[WhiteElo "2641"]
[BlackElo "2806"]
[TimeControl "180+1"]
[EndTime "9:04:33 PDT"]
[Termination "Alex_Banzea won by resignation"]

1. d4 Nf6 2. Nc3 d5 3. Bf4 a6 4. e3 e6 5. Nf3 c5 6. dxc5 Bxc5 7. Bd3 b5 8. O-O Bb7 9. Qe2 O-O 10. a3 Nbd7 11. e4 dxe4 12. Nxe4 Nxe4 13. Bxe4 Bxe4 14.
Qxe4 Nf6 15. Qe2 Nd5 16. Bg3 Rc8 17. Rac1 Qf6 18. c4 Nf4 19. Qe4 Ng6 20. b4 Be7 21. c5 Qb2 22. h4 h5 23. Ne5 Nxe5 24. Bxe5 Qxa3 25. Rc3 Qa2 26. Bxg7 Kxg7 27. Rg3+ Kh6 28.
Qf4+ Kh7 29. Qe5 1-0

[Event "Early-Titled-Tuesday-Blitz-March-12-2024"]
[Site "Chess.com"]
[Date "2024.03.12"]
[Round "6"]
[White "Byniolus"]
[Black "PabloZarnicki"]
[Result "1-0"]
[WhiteElo "2828"]
[BlackElo "2600"]
[TimeControl "180+1"]
[EndTime "9:04:37 PDT"]
[Termination "Byniolus won by resignation"]

1. d4 Nf6 2. Nf3 e6 3. Bf4 d5 4. e3 Bd6 5. Bg3 O-O 6. Nbd2 c5 7. c3 Nc6 8. Bd3 Qe7 9. Ne5 Nd7 10. Nxd7 Bxd7 11. Bxd6 Qxd6 12. dxc5 Qxc5 13. Bxh7+ Kxh7 14. Qh5+ Kg8 15. Ne4 Qc4 16. Ng5 Qd3 17. e4 Qxe4+ 18. Nxe4 dxe4 19. O-O-O Rad8 20. Rd6 Bc8 21. Rhd1 Rxd6 22.
Rxd6 Ne7 23. Qg5 f6 24. Qd2 b6 25. Rd8 Ba6 26. Rxf8+ Kxf8 27. Qd8+ Kf7 28. Qc7 Bd3 29. Qxa7 b5 30. a4 bxa4 31. Qxa4 f5 32. Qd7 Kf6 33. Qd8 Kf7 34. b3 Nd5 35. c4 Nf6 36. c5 Ng4 37. Qd7+ Kf6 38. c6 Bb5 1-0

[Event "Early-Titled-Tuesday-Blitz-March-12-2024"]
[Site "Chess.com"]
[Date "2024.03.12"]
[Round "6"]
[White "Rainbow2014"]
[Black "IwkooO"]
[Result "0-1"]
[WhiteElo "2460"]
[BlackElo "2676"]
[TimeControl "180+1"]
[EndTime "9:04:37 PDT"]
[Termination "IwkooO won on time"]

1. e4 c5 2. Nf3 Nf6 3. e5 Nd5 4. Nc3 Nxc3 5. dxc3 e6 6. Bf4 Nc6 7. Bd3 h6 8. O-O Qc7 9. Qe2 b6 10. Rad1 Bb7 11. a4 O-O-O 12. Bg3 d5 13. c4 Be7 14. cxd5 Rxd5 15. Be4 Rxd1 16. Rxd1 Rd8 17. c3 Rxd1+ 18.
Qxd1 Qd7 19. Qxd7+ Kxd7 20. Kf1 Ba6+ 21. Ke1 Na5 22. Nd2 Nc4 23. Nxc4 Bxc4 24. Bc2 Bd5 25. f3 Bg5 26. b3 c4 27. b4 Kc6 28. Be4 a5 29.
b5+ Kd7 30. Bf2 Bd8 31. Ke2 Bc7 32. Bd4 g6 33. Ke3 Ke7 34. f4 Kd7 35. g4 Ke7 36. h3 Kd7 37. Kf3 Bd8 38. Ke3 Bc7 39. f5 gxf5 40.
gxf5 Bxe4 41. Kf4 Bxf5 42. h4 Bd8 43. h5 Kc7 44. Kf3 Bg5 0-1

[Event "Early-Titled-Tuesday-Blitz-March-12-2024"]
[Site "Chess.com"]
[Date "2024.03.12"]
[Round "6"]
[White "Matols"]
[Black "secrethawk1"]
[Result "0-1"]
[WhiteElo "2352"]
[BlackElo "2472"]
[TimeControl "180+1"]
[EndTime "9:04:38 PDT"]
[Termination "secrethawk1 won by resignation"]

1. d4 Nf6 2. c4 e6 3. g3 d5 4. Nf3 Be7 5. Bg2 O-O 6. O-O dxc4 7. Qc2 a6 8. a4 Bd7 9. Qxc4 Bc6 10. Bf4 Nbd7 11.
Nc3 a5 12. Nb5 Bxb5 13. axb5 Bd6 14. Ne5 Nb6 15. Qd3 Nfd5 16. Rfc1 Nxf4 17. gxf4 f6 18.
Nc4 Bxf4 19. Nxb6 Bxc1 20. Nxa8 Bxb2 21. Rb1 Bxd4 22. Nxc7 Bxf2+ 23. Kxf2 Qxc7 24. b6 Qc5+ 25. Qe3 Qf5+ 26. Bf3 Qxb1 27. Qxe6+ Kh8 28. Bxb7 Rb8 29. Qd6 Qf5+ 30. Bf3 Qe5 31. Qc6 Qd4+ 32. Kg2 Qxb6 33. Qd7 Qb5 34. Qf7 a4 35. h4 a3 36. h5 h6 37. Be4 Qxe2+ 0-1

[Event "Early-Titled-Tuesday-Blitz-March-12-2024"]
[Site "Chess.com"]
[Date "2024.03.12"]
[Round "6"]
[White "GothamChess"]
[Black "suyu28"]
[Result "1-0"]
[WhiteElo "2689"]
[BlackElo "2871"]
[TimeControl "180+1"]
[EndTime "9:04:41 PDT"]
[Termination "GothamChess won by resignation"]

1. e4 c6 2. d4 d5 3. f3 g6 4. Nc3 Bg7 5. Be3 Qb6 6. Qd2 Qxb2 7. Rb1 Qa3 8. Bd3 e5 9. Nge2 Ne7 10. h4 h5 11. dxe5 Bxe5 12. f4 Bg7 13. f5 Qd6 14. O-O d4 15. Bc4 gxf5 16. Nxd4 Be5 17. Rbd1 Rg8 18. Qe2 f4 19. Nf3 Qf6 20.
Nxe5 Qxe5 21. Bxf4 Qc5+ 22. Be3 Rxg2+ 23. Kxg2 1-0